 Dungeon Crawl Stone Soup version 0.23.2-30-g0e89c35649 (webtiles) character file.

Game seed: 2888914491895965984

12054 troglodite the Reanimator (level 11, 0/83 HPs)
             Began as a Deep Dwarf Necromancer on June 18, 2019.
             Was a Priest of Hepliaklqana.
             Slain by a wraith (1 damage)
             ... led by Josephine
             ... on level 11 of the Dungeon on June 19, 2019.
             The game lasted 01:13:00 (14789 turns).

troglodite the Reanimator (Deep Dwarf Necromancer) Turns: 14789, Time: 01:13:01

Health: 0/83       AC: 11    Str: 12    XL:     11   Next: 57%
Magic:  4/17       EV: 12    Int: 26    God:    Hepliaklqana [***...]
Gold:   521        SH:  5    Dex: 13    Spells: 15/25 levels left

rFire    . . .     SeeInvis .   z - +2 quarterstaff (chaos)
rCold    . . .     Gourm    .   (shield currently unavailable)
rNeg     . . .     Faith    .   B - +0 ring mail "Faemaj" {Int+7} (curse)
rPois    .         Spirit   .   (no helmet)
rElec    .         Reflect  +   A - +2 cloak
rCorr    .         Harm     .   C - +2 pair of gloves
MR       +....                  (no boots)
Stlth    ..........             u - +5 amulet of reflection
HPRegen  0.00/turn              t - ring of attention (curse)
MPRegen  0.15/turn              (no ring)

@: very slightly contaminated, non-regenerating, slowed, studying Dodging, very
heavily drained, very slow
A: damage resistance, heal wounds, reduced essence, sense surroundings 2, no
regeneration
a: Heal Wounds, Recall Ancestor, Ancestor Identity, Transference, Renounce
Religion


You were on level 11 of the Dungeon.
You worshipped Hepliaklqana.
Hepliaklqana was most pleased with you.
You were not hungry.

You visited 1 branch of the dungeon, and saw 11 of its levels.

You collected 605 gold pieces.
You spent 84 gold pieces at shops.

Inventory:

Hand Weapons
 z - a +2 quarterstaff of chaos (weapon)
 E - a +1 scimitar of flaming
 O - a +4 quarterstaff
Missiles
 h - 377 stones (quivered)
 w - 137 arrows
Armour
 j - a +0 buckler
 q - a +1 leather armour of magic resistance
 A - a +2 cloak (worn)
 B - the cursed +0 ring mail "Faemaj" (worn) {Int+7}
   (You found it on level 7 of the Dungeon)

   It affects your intelligence (+7).
   It has a curse placed upon it.
 C - a +2 pair of gloves (worn)
 Q - a +0 buckler of reflection
Jewellery
 t - a cursed ring of attention (left hand)
 u - a +5 amulet of reflection (around neck)
 G - an uncursed ring of ice
Wands
 b - a wand of iceblast (5)
 K - a wand of acid (6)
 M - a wand of paralysis (5)
 N - a wand of flame (18)
Scrolls
 e - a scroll of enchant armour
 g - 5 scrolls of identify
 k - 3 scrolls of remove curse
 o - 2 scrolls of fog {unknown}
 p - a scroll of torment {unknown}
 r - a scroll of enchant weapon {unknown}
 x - 2 scrolls of magic mapping {unknown}
 y - 3 scrolls of amnesia {unknown}
 F - 3 scrolls of teleportation
 H - a scroll of vulnerability {unknown}
 J - a scroll of noise {unknown}
 P - a scroll of summoning {unknown}
Potions
 a - 3 potions of might
 d - 2 potions of agility
 f - 2 potions of cancellation
 i - 2 potions of berserk rage {unknown}
 m - 3 potions of curing
 n - a potion of flight {unknown}
 s - 3 potions of lignification {unknown}
 v - a potion of haste {unknown}
 D - a potion of ambrosia {unknown}
 I - a potion of heal wounds {unknown}
Books
 l - a manual of Dodging
Comestibles
 c - 17 rations


   Skills:
 * Level 4.6(0.0) Fighting
   Level 2.1(0.0) Maces & Flails
 + Level 3.8(0.0) Staves
 * Level 6.4(1.6) Armour
 * Level 8.8(3.7) Dodging
 * Level 7.7(2.8) Stealth
 + Level 1.2(0.0) Shields
 * Level 7.5(2.6) Spellcasting
 * Level 9.8(4.5) Necromancy
 * Level 3.7(0.0) Transmutations
 + Level 1.7(0.0) Invocations
 * Level 7.2(2.3) Evocations


You had 15 spell levels left.
You knew the following spells:

 Your Spells              Type           Power        Failure   Level  Hunger
a - Pain                  Necr           ####         3%          1    None
b - Vampiric Draining     Necr           ####......   10%         3    ###....
c - Animate Dead          Necr           N/A          32%         4    ####...
d - Sticks to Snakes      Tmut           #.......     32%         2    ##.....

Your spell library contained the following spells:

 Spells                   Type           Power        Failure   Level  Hunger
 Animate Skeleton         Necr           N/A          3%          1    None
 Beastly Appendage        Tmut           #.....       22%         1    None
 Confusing Touch          Hex            #.....       22%         1    None
 Summon Small Mammal      Summ           #...         22%         1    None
 Call Imp                 Summ           #.......     32%         2    ##.....
 Poisonous Vapours        Pois/Air       #.....       32%         2    ##.....
 Call Canine Familiar     Summ           #.......     54%         3    ###....
 Confuse                  Hex            #.......     54%         3    ###....
 Conjure Flame            Conj/Fire      #.......     54%         3    ###....
 Gell's Gravitas          Tloc           #.........   54%         3    ###....
 Mephitic Cloud           Conj/Pois/Air  #.......     54%         3    ###....
 Spider Form              Tmut/Pois      #.........   54%         3    ###....
 Summon Guardian Golem    Hex/Summ       #.......     54%         3    ###....
 Ice Form                 Ice/Tmut       #.......     91%         4    ####...
 Petrify                  Tmut/Erth      #.......     91%         4    ####...
 Summon Ice Beast         Ice/Summ       #.......     91%         4    ####...
 Summon Lightning Spire   Summ/Air       #.......     91%         4    ####...
 Blade Hands              Tmut           #.........   99%         5    ######.
 Bolt of Magma            Conj/Fire/Erth #.........   99%         5    ######.
 Iskenderun's Battlesphe  Conj/Chrm      #.......     99%         5    ######.
 Metabolic Englaciation   Hex/Ice        #.........   99%         5    ######.
 Venom Bolt               Conj/Pois      #.........   99%         5    ######.
 Yara's Violent Unravell  Hex/Tmut       #.........   99%         5    ######.
 Freezing Cloud           Conj/Ice/Air   #.........   100%        6    #######
 Iron Shot                Conj/Erth      #.........   100%        6    #######
 Orb of Destruction       Conj           #.........   100%        7    #######
 Ring of Flames           Chrm/Fire      #.........   100%        7    #######
 Spellforged Servitor     Conj/Summ      #.........   100%        7    #######
 Regeneration             Chrm/Necr      Unusable     N/A         3    N/A

Dungeon Overview and Level Annotations

Branches:
Dungeon (11/15)            Temple (0/1) D:7            Lair (0/6) D:11
    Orc (0/2) D:9

Altars:
Ashenzari
Dithmenos
Fedhas
Hepliaklqana
Makhleb
Uskayaw
Vehumet

Shops:
D:7 *   D:9 *}(*   D:10 (

Annotations:
D:3 1 runed translucent door, doot's ghost, weakling TeSu
D:11 Josephine


Innate Abilities, Weirdness & Mutations

You are resistant to damage.
You can heal yourself by infusing magical energy.
You passively map the area around you.
You do not regenerate.
Your life essence is reduced to manifest your ancestor. (-10% HP)


Message History

The wraith completely resists.
The ghostly fireball engulfs Josephine.
Josephine completely resists.
The wraith hits you. The wraith drains your vigour!
You feel as though you will be slow longer.
You sock Josephine! You freeze Josephine.
Josephine is almost dead.
Josephine casts a spell at you.
The ghostly flame explodes!
The ghostly fireball engulfs you!
You feel drained.
The ghostly fireball engulfs the wraith.
The wraith completely resists.
The ghostly fireball engulfs Josephine.
Josephine completely resists.
The wraith closely misses you.
Josephine points at you and mumbles some strange words.
The ghostly flame explodes!
The ghostly fireball engulfs you!!
You feel drained.
* * * LOW HITPOINT WARNING * * *
The ghostly fireball engulfs the wraith.
The wraith completely resists.
The ghostly fireball engulfs Josephine.
Josephine completely resists.
You block the wraith's attack.
You fail to use your ability.
Josephine barely misses you. The wraith hits you.
You die...

* , * ,
+......#
,,*
#......# *
,#......#
#......# ,
,#..##..#
, #......#
,, ,,
#......# ,
, ,
+......# ,
, #....W@#
, , ,
#..###@#
,,
#....WW# ,
,
,#....WW#
, ** ,
#......#
,* ,
#......#
,,#....(.#
,
,+.#....#
, ,
#.#....#


You could see Josephine and 5 wraiths.

Vanquished Creatures
  A two-headed ogre (D:9)
  An ugly thing (D:8)
  A gargoyle (D:10)
  A hippogriff (shapeshifter) (D:10)
  A shadow (D:11)
  A human (D:8)
  15 yaks
  4 hogs (D:8)
  A hungry ghost (D:9)
  2 water moccasins
  An orc warrior (D:8)
  Duvessa (D:6)
  2 black bears
  4 ogres
  A sky beast (D:10)
  A phantom (D:11)
  A necrophage (D:11)
  An ice beast (D:9)
  4 centaurs
  A big kobold (D:7)
  6 bullfrogs
  Dowan (D:6)
  A wyvern skeleton (D:9)
  A scorpion (D:6)
  8 killer bees
  3 wights (D:7)
  2 howler monkeys (D:6)
  2 jellies
  3 crimson imps
  3 bullfrog zombies
  2 orc priests
  A bullfrog skeleton (D:7)
  2 hounds
  Crazy Yiuf (D:7)
  A hexer (D:9)
  An iguana (D:4)
  Natasha (thrice) (D:2)
  6 orc wizards
  9 worker ants
  A killer bee zombie (D:10)
  11 adders
  A shadow imp (D:7)
  An ooze (D:4)
  5 worms
  2 dart slugs
  7 leopard geckos
  21 orcs
  A giant cockroach (D:2)
  5 goblins
  5 hobgoblins
  15 jackals
  18 kobolds
  3 quokkas
  6 bats
  8 frilled lizards
  A leopard gecko zombie (D:6)
  A quokka zombie (D:9)
  8 rats
221 creatures vanquished.

Vanquished Creatures (collateral kills)
  A vault guard (D:11)
  Erica (D:9)
  An unseen horror (D:10)
  A yak (D:9)
  3 sky beasts
  An ogre (D:4)
  A phantom (D:9)
  A centaur (D:6)
  A big kobold (D:8)
  A wyvern zombie (D:6)
  2 scorpions (D:4)
  4 killer bees (D:7)
  A wight (D:7)
  A crimson imp (D:11)
  2 centaur skeletons
  An iguana (D:6)
  2 worker ants
  A hound zombie (D:6)
  2 worker ant zombies
  4 adders
  A shadow imp (D:4)
  An adder zombie (D:5)
  A worm (D:4)
  2 orcs
  A jackal (D:7)
  2 kobolds (D:8)
  A leopard gecko skeleton (D:5)
41 creatures vanquished.

Vanquished Creatures (others)
  A yak (D:9)
  8 hexers
  4 ancestors
  A kobold (D:11)
14 creatures vanquished.

Grand Total: 276 creatures vanquished

Notes
Turn   | Place    | Note
-------+----------+-------------------------------------------
     0 | D:1      | troglodite the Deep Dwarf Necromancer began the quest for
                  | the Orb.
     0 | D:1      | Reached XP level 1. HP: 15/15 MP: 3/3
   230 | D:1      | Reached XP level 2. HP: 22/22 MP: 1/5
   800 | D:1      | Reached XP level 3. HP: 30/30 MP: 1/6
   951 | D:1      | Learned a level 3 spell: Vampiric Draining
  1417 | D:2      | Reached skill level 1 in Armour
  1417 | D:2      | Reached XP level 4. HP: 37/37 MP: 1/7
  1640 | D:2      | Reached skill level 5 in Necromancy
  1844 | D:2      | Reached skill level 1 in Fighting
  2411 | D:2      | Noticed Natasha
  2434 | D:2      | Killed Natasha
  2605 | D:2      | Noticed Natasha
  2618 | D:2      | Killed Natasha
  2618 | D:2      | Reached XP level 5. HP: 42/44 MP: 1/9
  2892 | D:2      | Noticed Natasha
  2897 | D:2      | Killed Natasha
  2897 | D:2      | Reached skill level 1 in Maces & Flails
  3175 | D:2      | Learned a level 4 spell: Animate Dead
  3224 | D:3      | Found a hazy altar of Hepliaklqana.
  3229 | D:3      | Noticed a centaur
  3304 | D:3      | Killed a centaur
  3972 | D:3      | Reached XP level 6. HP: 48/51 MP: 1/10
  4055 | D:3      | Found a burning altar of Makhleb.
  4055 | D:3      | Noticed a blizzard demon
  4060 | D:3      | Noticed a smoke demon
  4060 | D:3      | Noticed a hellwing
  4605 | D:3      | Found a runed translucent door.
  4606 | D:3      | Noticed doot's ghost (weakling TeSu)
  5058 | D:3      | Became a worshipper of Hepliaklqana the Forgotten
  5326 | D:4      | Reached skill level 1 in Invocations
  5361 | D:4      | Reached skill level 1 in Evocations
  5361 | D:4      | Reached XP level 7. HP: 22/52 MP: 0/12
  5619 | D:4      | Reached skill level 6 in Necromancy
  6015 | D:5      | Entered Level 5 of the Dungeon
  6207 | D:5      | Found a blossoming altar of Fedhas.
  6258 | D:5      | Found a shattered altar of Ashenzari.
  6571 | D:5      | Reached * piety under Hepliaklqana
  6753 | D:6      | Reached XP level 8. HP: 45/60 MP: 2/13
  6839 | D:6      | Noticed Duvessa
  6839 | D:6      | Noticed Dowan
  6843 | D:6      | Killed Duvessa
  6951 | D:6      | Killed Dowan
  7063 | D:6      | Found a shadowy altar of Dithmenos.
  7252 | D:6      | Reached skill level 7 in Necromancy
  7970 | D:6      | Found a radiant altar of Vehumet.
  8088 | D:6      | HP: 2/61 [wyvern zombie (9)]
  8298 | D:6      | Learned a level 2 spell: Sticks to Snakes
  8526 | D:7      | Reached skill level 1 in Staves
  8658 | D:7      | Found a staircase to the Ecumenical Temple.
  8760 | D:7      | Found a runed translucent door.
  8761 | D:7      | Noticed Crazy Yiuf
  8776 | D:7      | Killed Crazy Yiuf
  8871 | D:7      | Found Poitrob's General Store.
  8918 | D:7      | Reached skill level 5 in Dodging
  8970 | D:7      | Reached skill level 5 in Spellcasting
  9012 | D:6      | Reached skill level 5 in Stealth
  9413 | D:7      | Gained mutation: You passively map the area around you.
                  | [Deep Dwarf growth]
  9413 | D:7      | Reached XP level 9. HP: 43/67 MP: 14/14
  9426 | D:7      | Reached skill level 1 in Transmutations
  9722 | D:7      | Reached ** piety under Hepliaklqana
  9723 | D:7      | Remembered your ancestor Kaya as a hexer
  9838 | D:7      | Got a twisted ring mail
  9849 | D:7      | Identified the cursed +0 ring mail "Faemaj" {Int+7} (You
                  | found it on level 7 of the Dungeon)
 10130 | D:8      | Noticed a green ugly thing
 10203 | D:8      | Killed a green ugly thing
 10203 | D:8      | Reached skill level 5 in Armour
 10482 | D:8      | Reached skill level 8 in Necromancy
 11044 | D:9      | Noticed a two-headed ogre
 11107 | D:9      | Reached XP level 10. HP: 62/76 MP: 6/16
 11123 | D:9      | Reached skill level 5 in Evocations
 11552 | D:9      | Found a staircase to the Orcish Mines.
 11583 | D:9      | Killed a two-headed ogre
 11610 | D:9      | Noticed Erica
 11629 | D:9      | Killed Erica
 11774 | D:9      | Found a hide-covered altar of Uskayaw.
 11791 | D:9      | Found Cixegg's General Store.
 11956 | D:9      | Found Renoret's Assorted Antiques.
 11986 | D:9      | Reached skill level 9 in Necromancy
 12205 | D:9      | Bought a scroll of teleportation for 84 gold pieces
 12210 | D:9      | Found Hifoovuh's Gadget Emporium.
 12252 | D:9      | Found Vant's Weapon Shoppe.
 12410 | D:10     | Entered Level 10 of the Dungeon
 12633 | D:9      | Reached XP level 11. HP: 70/83 MP: 9/17
 12684 | D:10     | Killed an unseen horror
 12713 | D:10     | Reached *** piety under Hepliaklqana
 13305 | D:10     | Found Virphev's Weapon Shoppe.
 13403 | D:10     | Reached skill level 1 in Shields
 14251 | D:11     | Noticed a vault guard
 14269 | D:11     | Killed a vault guard
 14505 | D:11     | Found a staircase to the Lair.
 14760 | D:11     | Noticed Josephine
 14788 | D:11     | HP: 1/83 [Josephine/ghostly fireball (25)]
 14789 | D:11     | Slain by a wraith

Skill      XL: |  1  2  3  4  5  6  7  8  9 10 11 |
---------------+----------------------------------+-----
Spellcasting   | 2 3 4 5 7 |  7.5
Stealth        | 3 4 5 6 7 |  7.7
Armour         | 1 2 3 4 5 6 |  6.4
Necromancy     | 5 6 7 8 9 |  9.8
Fighting       | 1 2 3 4 |  4.6
Maces & Flails | 1 2 |  2.1
Invocations    | 1 |  1.7
Dodging        | 3 4 5 6 7 8 |  8.8
Evocations     | 1 2 3 4 6 7 |  7.2
Staves         | 1 2 3 |  3.8
Transmutations | 2 3 |  3.7
Shields        | 1 |  1.2

Action                   |  1- 3 |  4- 6 |  7- 9 | 10-12 || total
-------------------------+-------+-------+-------+-------++-------
Melee: Short sword       |    11 |       |       |       ||    11
       Club              |     6 |   123 |    43 |       ||   172
       Quarterstaff      |       |       |   182 |   310 ||   492
 Cast: Pain              |    80 |    71 |    66 |    17 ||   234
       Vampiric Draining |       |    27 |    69 |    72 ||   168
Invok: Recall Ancestor   |       |       |     3 |       ||     3
       Ancestor Life: He |       |       |     1 |       ||     1
 Abil: Heal Wounds       |       |     2 |    19 |    10 ||    31
  Use: Scroll            |       |     5 |     7 |       ||    12
       Potion            |       |       |     1 |       ||     1
 Stab: Sleeping          |       |     2 |       |     1 ||     3
       Confused          |       |       |     1 |     4 ||     5
       Paralysed         |       |       |       |     5 ||     5
       Distracted        |       |       |       |     4 ||     4
  Eat: Chunk             |     3 |    12 |    16 |    15 ||    46
       Ration            |       |     1 |     2 |       ||     3
Armor: Ring mail         |    19 |    63 |   113 |   167 ||   362
Dodge: Dodged            |    33 |   114 |   281 |   235 ||   663
Block: Other             |       |       |    30 |   102 ||   132
       Reflection        |       |       |     2 |     5 ||     7
